 Dungeon Crawl Stone Soup version 0.29.0-4-gdea44cf6ec (webtiles) character file.

Game seed: 13663791554450296900

21 qw the Chopper (level 2, 0/24 HPs)
             Began as a Demonspawn Cinder Acolyte on Sept 8, 2022.
             Was a High Priest of Ignis.
             Succumbed to their own poison gas
             ... on level 1 of the Dungeon.
             The game lasted 00:00:18 (929 turns).

qw the Chopper (Demonspawn Cinder Acolyte)           Turns: 929, Time: 00:00:19

Health: 0/24       AC:  9    Str: 14    XL:     2   Next: 65%
Magic:  3/3        EV: 10    Int: 15    God:    Ignis [*****.]
Gold:   11         SH:  0    Dex:  8    Spells: 3/3 levels left

rFire   + . .      SeeInvis .   Y - -1 hand axe (flame)
rCold   . . .      Faith    .   (no shield)
rNeg    . . .      Spirit   .   j - +0 ring mail
rPois   .          Reflect  .   (no helmet)
rElec   .          Harm     .   (no cloak)
rCorr   .          Rampage  .   (no gloves)
Will    .....                   (no boots)
Stlth   ..........              (no amulet)
HPRegen 0.08/turn               e - +4 ring of protection
MPRegen 0.08/turn               (no ring)

@: lethally poisoned (0 -> -3)
A: weakness stinger 1
a: Renounce Religion, Fiery Armour, Foxfire Swarm, Rising Flame


You were on level 1 of the Dungeon.
You worshipped Ignis.
Ignis was extremely pleased with you.
You visited 1 branch of the dungeon, and saw 1 of its levels.

You collected 11 gold pieces.


Innate Abilities, Weirdness & Mutations

You have a small tail.


   Skills:
 - Level 3.0 Fighting
 + Level 3.6 Axes
 - Level 1.0 Spellcasting
 - Level 2.6 Fire Magic


You had 3 spell levels left.
You didn't know any spells.
Your spell library contained the following spells:

 Spells                   Type           Power      Damage    Failure   Level
 Scorch                   Fire           16%        2d5       26%         2

Inventory:

Hand Weapons
 Y - a -1 hand axe of flaming (weapon)
Missiles
 k - 2 boomerangs (quivered)
Armour
 j - a +0 ring mail (worn)
Jewellery
 e - a +4 ring of protection (left hand)
Potions
 f - a potion of might {unknown}
 g - a potion of attraction {unknown}
 l - a potion of magic {unknown}

Dungeon Overview and Level Annotations

Branches:
Dungeon (1/15)

Altars:


Message History

As you read the scroll labelled INGIGI QUSMOCA, it crumbles to dust.
The air around you briefly surges with heat, but it dissipates.
It was a scroll of immolation.
Done exploring.
917 ||| READING scroll labelled LUAMNAM XIGAI.
As you read the scroll labelled LUAMNAM XIGAI, it crumbles to dust.
You feel strangely unstable.
It was a scroll of teleportation.
You start waiting.
Your surroundings suddenly seem different.
Done exploring.
920 ||| READING scroll labelled AHAJ XUR ZUL.
The air fills with toxic fumes!
As you read the scroll labelled AHAJ XUR ZUL, it crumbles to dust.
It was a scroll of poison.
Done exploring.
(D) Dungeon
Where to? (* - list waypoints, ? - help)
What level of the Dungeon? (default 1, ? - help) Sorry, I don't know how to get there.
Done exploring.
921 ||| Stepping randomly (stuck).
Really walk into that cloud of poison gas?
You are engulfed in poison gas.
You are poisoned.
You feel very sick.
922 ||| Stepping ~*~*~tactically~*~*~ (cloud).
You feel very sick.
There is a lethal amount of poison in your body!
You feel sick.
There is a lethal amount of poison in your body!
You feel sick.
There is a lethal amount of poison in your body!
You feel sick.
There is a lethal amount of poison in your body!
You feel sick.
There is a lethal amount of poison in your body!
You feel sick.
There is a lethal amount of poison in your body!
You feel sick.
There is a lethal amount of poison in your body!
You die... #.##....###)###.#..##.##.. #.##.##[# #....>...##.#### #.......# ############# # ####.#### #.# #.# P..P.P.P ###.######## ..P7 PPPPP.P #...##0¤¤¤¤# 7PPP77PP.P.7 #.####00@¤¤##.PPP.P.PP7.7 ##.# #¤00¤¤¤# P.P7PP7PPP7 #..# #¤¤0¤0¤# 7PPPP7.PPP

#.##
#000¤0¤#############
#.#
######0¤0...........
#.# #0¤0¤.....<....
#.# #.¤0¤¤.........
#.#
####.#############
#.#######)...#


7PP..PPPP. There were no monsters in sight!

Vanquished Creatures
  3 ball pythons (D:1)
  A bat (D:1)
  5 endoplasms (D:1)
  A giant cockroach (D:1)
  A goblin (D:1)
  A hobgoblin (D:1)
  2 quokkas (D:1)
  A frilled lizard (D:1)
  A kobold (D:1)
  A rat (D:1)
17 creatures vanquished.

Notes
Turn   | Place    | Note
-------+----------+-------------------------------------------
     0 | D:1      | qw the Demonspawn Cinder Acolyte began the quest for the
                  | Orb.
     0 | D:1      | Reached XP level 1. HP: 18/18 MP: 2/2
     0 | D:1      | 0 ||| qw: Version: 0.1-a-112-g44dc6cd
     0 | D:1      | 0 ||| qw: Game counter: 6782
     0 | D:1      | 0 ||| qw: Always use a shield: true
     0 | D:1      | 0 ||| qw: God list: Okawaru
     0 | D:1      | 0 ||| qw: Allow faded altars: false
     0 | D:1      | 0 ||| qw: Do Orc after D:15 true
     0 | D:1      | 0 ||| qw: Do second Lair branch before Depths: true
     0 | D:1      | 0 ||| qw: Lair rune preference: random
     0 | D:1      | 0 ||| qw: Plans: Normal
     0 | D:1      | 0 ||| PLANNING D:1-11
    16 | D:1      | 16 ||| Stepping ~*~*~tactically~*~*~ (stealth).
    17 | D:1      | 17 ||| Stepping ~*~*~tactically~*~*~ (stealth).
    28 | D:1      | Reached skill level 3 in Axes
    81 | D:1      | 81 ||| Stepping ~*~*~tactically~*~*~ (stealth).
   281 | D:1      | Gained mutation: You have a small tail. [demonic ancestry]
   281 | D:1      | Reached XP level 2. HP: 24/24 MP: 3/3
   494 | D:1      | 494 ||| INVOKING Fiery Armour.
   892 | D:1      | 892 ||| UPGRADING to +0 leather armour.
   902 | D:1      | 902 ||| DROPPING +0 robe.
   903 | D:1      | 903 ||| UPGRADING to +0 ring mail.
   913 | D:1      | 913 ||| DROPPING +0 leather armour.
   914 | D:1      | 914 ||| UPGRADING to +4 ring of protection.
   915 | D:1      | 915 ||| READING scroll labelled HEEPPI BIEVO.
   916 | D:1      | 916 ||| READING scroll labelled INGIGI QUSMOCA.
   917 | D:1      | 917 ||| READING scroll labelled LUAMNAM XIGAI.
   920 | D:1      | 920 ||| READING scroll labelled AHAJ XUR ZUL.
   921 | D:1      | 921 ||| Stepping randomly (stuck).
   922 | D:1      | 922 ||| Stepping ~*~*~tactically~*~*~ (cloud).
   924 | D:1      | HP: 6/24 [poisoned by you (poison gas)]
   927 | D:1      | HP: 2/24 [poisoned by you (poison gas)]
   929 | D:1      | Succumbed to their own poison gas

Levels and vault maps discovered:
D:1:      minmay_arrival_arboretum_large, layout_loops_cross,
          reono_crystal_passage

Skill      XL: |  1 |
---------------+----+-----
Axes           | 3 |  3.6
Fighting       | |  3.0
Spellcasting   | |  1.0
Fire Magic     | |  2.6

Action                   || total
-------------------------++-------
Melee: Hand axe          ||    43
       Tailslap          ||     1
Throw: Boomerang         ||     8
Invok: Fiery Armour      ||     1
  Use: Scroll            ||     4
Armor: Robe              ||    11
Dodge: Dodged            ||    29

Table legend:
 A = Non-vault XP
 B = Vault XP
 C = Vault XP percentage of total XP
 D = Non-vault monster count
 E = Vault monster count
 F = Vault count percentage of total count
                 A         B        C        D         E       F
            +---------+---------+-------+---------+---------+-------
      Total |      31 |       0 |   0.0 |      17 |       0 |   0.0
            +---------+---------+-------+---------+---------+-------
        D:1 |      31 |       0 |   0.0 |      17 |       0 |   0.0
            +---------+---------+-------+---------+---------+-------
